 Dungeon Crawl Stone Soup version 0.22.1-2-g9c5b331383 (webtiles) character file.

30 Knorr the Covered (level 3, -2/26 HPs)
             Began as a Human Fighter on Dec 30, 2018.
             Slain by an adder (4 damage)
             ... on level 1 of the Dungeon.
             The game lasted 00:06:02 (1401 turns).

Knorr the Covered (Human Fighter)                   Turns: 1401, Time: 00:06:02

Health: -2/26      AC:  6    Str: 22    XL:     3   Next: 37%
Magic:  3/3        EV:  7    Int: 10    God:
Gold:   101        SH:  9    Dex: 12    Spells: 2/2 levels left

rFire    . . .     SeeInvis .   a - +0 long sword
rCold    . . .     Gourm    .   c - +0 shield
rNeg     . . .     Faith    .   b - +0 scale mail
rPois    .         Spirit   .   (no helmet)
rElec    .         Reflect  .   (no cloak)
rCorr    .         Harm     .   (no gloves)
MR       .....                  (no boots)
Stlth    ..........             (no amulet)
HPRegen  0.08/turn              (no ring)
MPRegen  0.08/turn              (no ring)

@: mighty
A: blink, clever 1, frail 1, evolution 1
a: Blink


You were on level 1 of the Dungeon.
You were not hungry.

You visited 1 branch of the dungeon, and saw 3 of its levels.

You collected 101 gold pieces.

Inventory:

Hand Weapons
 a - a +0 long sword (weapon)
Missiles
 g - 20 stones (quivered)
Armour
 b - a +0 scale mail (worn)
 c - a +0 shield (worn)
 j - a +0 plate armour
Scrolls
 h - 3 scrolls of identify
Comestibles
 f - 2 rations


   Skills:
 + Level 3.3 Fighting
 + Level 2.2 Long Blades
 + Level 3.4 Armour
 + Level 3.3 Shields


You had 2 spell levels left.
You didn't know any spells.
Your spell library was empty.

Dungeon Overview and Level Annotations

Branches:
Dungeon (3/15)

Altars:

Annotations:
D:2 Terence


Innate Abilities, Weirdness & Mutations

You can translocate small distances at will.
Your mind is acute. (Int +2)
You are frail. (-10% HP)
You evolve.


Message History

You climb upwards.
There is a stone staircase leading down here.
You barely miss the adder. The adder bites you.
* * * LOW HITPOINT WARNING * * *
You block the adder's attack.
You closely miss the adder. The adder bites you.
* * * LOW HITPOINT WARNING * * *
You blink.
You feel slightly more hungry.
Okay, then.
Okay, then.
You feel very mighty all of a sudden. You block the adder's attack.
The adder bites you but does no damage.
You barely miss the adder. You block the adder's attack.
The adder barely misses you.
You closely miss the adder. You block the adder's attack.
You completely miss the adder. The adder bites you but does no damage.
You block the adder's attack.
You miss the adder. The adder bites you.
You die...

#.........###'######### #...
#........###..........#######...
#........# #.>........'.........
###'#+#.#.# #..........#######...
......#.#.# ##.#.#'##### #...
###.###.#.####.#.#.##### #... #
#.....#........#.....########## #
###.....#....S.......'.........
####......'.....@......##########
.[........#...####.....#
#####.....#...# #.....#
#.....#...# #.....# #######...#
#.....# #...# #.....# ## #...#
####### #. #...# #. #...# #.


You could see an adder.

Vanquished Creatures
  2 dart slugs (D:1)
  A leopard gecko (D:1)
  An orc (D:3)
  2 giant cockroaches
  A goblin (D:1)
  5 hobgoblins
  A kobold (D:2)
  A quokka (D:2)
  5 bats
  A frilled lizard (D:1)
  2 rats (D:2)
22 creatures vanquished.

Notes
Turn   | Place    | Note
-------+----------+-------------------------------------------
     0 | D:1      | Knorr the Human Fighter began the quest for the Orb.
     0 | D:1      | Reached XP level 1. HP: 18/18 MP: 1/1
   542 | D:1      | Reached XP level 2. HP: 18/24 MP: 2/2
  1049 | D:1      | Gained mutation: You expend magic power (3 MP) to
                  | strengthen your wands. [potion of mutation]
  1049 | D:1      | Gained mutation: You have sharp toenails. [potion of
                  | mutation]
  1068 | D:1      | Lost mutation: You expend magic power (3 MP) to strengthen
                  | your wands. [potion of mutation]
  1068 | D:1      | Lost mutation: You have sharp toenails. [potion of
                  | mutation]
  1068 | D:1      | Gained mutation: You are frail. (-10% HP) [potion of
                  | mutation]
  1068 | D:1      | Gained mutation: You can translocate small distances at
                  | will. [potion of mutation]
  1068 | D:1      | Gained mutation: You evolve. [potion of mutation]
  1107 | D:2      | Reached XP level 3. HP: 25/26 MP: 3/3
  1374 | D:3      | Gained mutation: Your mind is acute. (Int +2) [evolution]
  1384 | D:2      | Noticed Terence
  1401 | D:1      | Slain by an adder

Action                   || total
-------------------------++-------
Melee: Long sword        ||    83
Throw: Stone             ||     1
 Abil: Blink             ||     6
  Use: Potion            ||     7
       Scroll            ||     3
  Eat: Ration            ||     1
Armor: Scale mail        ||    54
Dodge: Dodged            ||    35
Block: Shield            ||    59
       Rpst.: Long sword ||    12
